 Dungeon Crawl Stone Soup version 0.30-a0-1114-gd936c97349 (webtiles) character file.

Game seed: 11435775891357601412

335 Warped the Twirler (level 6, -2/47 HPs)
             Began as a Formicid Fighter on Apr 21, 2023.
             Slain by a gnoll bouda
             ... wielding a +0 club
              (8 damage)
             ... on level 4 of the Dungeon.
             The game lasted 00:04:03 (2388 turns).

Warped the Twirler (Formicid Fighter)               Turns: 2388, Time: 00:04:03

Health: -2/47      AC:  9    Str: 26 (28) XL:     6   Next: 84%
Magic:  6/6        EV:  9    Int:  7 (8)  God:
Gold:   147        SH:  5    Dex: 12 (13) Spells: 5/5 levels left

rFire   . . .      SeeInvis +    a - +1 quarterstaff
rCold   . . .      Faith    .    c - +0 buckler
rNeg    . . .      Spirit   .    p - +0 scale mail
rPois   .          Reflect  .    (helmet unavailable)
rElec   .          Rampage  .    (no cloak)
rCorr   .                        v - +0 pair of gloves
Will    .....                    k - +0 pair of boots Stlth
                                 (no amulet)
HPRegen 0.27/turn                l - +6 ring of strength
MPRegen 0.10/turn                (no ring)

@: mighty
A: permanent stasis, dig shafts and tunnels, antennae 3, four strong arms
a: Dig, Shaft Self


You were on level 4 of the Dungeon.
You visited 1 branch of the dungeon, and saw 4 of its levels.

You collected 147 gold pieces.

Inventory:

Hand Weapons
 a - a +1 quarterstaff (weapon)
 b - a +0 war axe of electrocution
 g - a +0 sling
 h - a +0 spear
 B - a +0 trident
Missiles
 A - 6 poisoned darts
Armour
 c - a +0 buckler (worn)
 k - a +0 pair of boots (worn)
 p - a +0 scale mail (worn)
 v - a +0 pair of gloves (worn)
Jewellery
 l - a +6 ring of strength (left hand)
Wands
 r - a wand of flame (14)
Scrolls
 m - a scroll of enchant weapon
Potions
 n - a potion of magic {unknown}
 s - a potion of attraction {unknown}
 t - a potion of flight
 u - 2 potions of cancellation
 z - a potion of resistance


   Skills:
 - Level 3.2 Fighting
 + Level 6.7 Staves
 - Level 3.2 Armour
 - Level 4.0 Shields


You had 5 spell levels left.
You didn't know any spells.
Your spell library was empty.

Dungeon Overview and Level Annotations

Branches:
Dungeon (4/15)
 Temple: D:4-7

Altars:

Shops:
D:1 :   D:4 *


Innate Abilities, Weirdness & Mutations

You cannot be hasted, slowed, berserked, paralysed or teleported.
You can dig through walls and to a lower floor.
You have a pair of large antennae on your head. (SInv)
Your four strong arms can wield two-handed weapons with a shield.


Message History

The gnoll bouda barely misses you. The gnoll hits you with a +0 halberd.
You block the gnoll's attack.
You closely miss the gnoll bouda.
The gnoll bouda is lightly wounded.
The gnoll bouda hits you with a +0 club.
The gnoll hits you with a +0 halberd. You block the gnoll's attack.
The gnoll attacks as you move away! The gnoll hits you with a +0 halberd.
Your attacks no longer feel as feeble.
The gnoll bouda barely misses you.
The gnoll hits you from afar with a +0 halberd.
* * * LOW HITPOINT WARNING * * *
The gnoll hits you from afar with a +0 halberd.
* * * LOW HITPOINT WARNING * * *
Okay, then.
Okay, then.
You feel better.
The gnoll is no longer moving quickly. x2
The gnoll bouda barks out a call to the hunt!
The gnolls pick up the pace!
The gnoll hits you but does no damage. x2
The gnoll bouda attacks as you move away!
The gnoll bouda closely misses you. The gnoll closely misses you.
The gnoll hits you from afar with a +0 halberd!
The gnoll hits you from afar with a +0 halberd.
* * * LOW HITPOINT WARNING * * *
The gnoll bouda attacks as you move away!
The gnoll bouda hits you with a +0 club.
* * * LOW HITPOINT WARNING * * *
The gnoll bouda attacks as you move away!
You block the gnoll bouda's attack.
Okay, then.
It was a potion of degeneration.
There was something very wrong with that liquid.
You feel weakened.
You feel dopey.
You feel clumsy. The gnoll bouda barely misses you.
The gnoll hits you from afar with a +0 halberd.
* * * LOW HITPOINT WARNING * * *
The gnoll bouda attacks as you move away!
The gnoll bouda hits you with a +0 club!
You die...

....## #..## #.## ### ###..#
#)## #..## ##### # ##.###
##.#########..### #.... #
#...###...............####.###
#
###..###.###...#####........##
# ##..##.# ###...# ##.##.##...
# ##..#.# ###.####....##### #
##...#######...>.....## #
##...ggg@..####.#.>..# # #
#...#####.# #.####÷#### ###
####...# #.## #.# #.....
.[#####.....## #..# #.# #.###.
#[.##...##..# ##.###.# #...#.
##.##.####..### ###.#...#
###... #.##.# #..>.###.....#.#
##†. ##....# ##.#..##.##..#.#
##..# #...### #.##.##.###.#.#
#..##


You could see a gnoll bouda and 2 gnolls.

Vanquished Creatures
  An ogre (D:3)
  A scorpion (D:4)
  An orc priest (D:4)
  An iguana (D:4)
  An orc wizard (D:4)
  A gnoll (D:4)
  2 adders
  4 worms
  3 dart slugs
  13 orcs
  7 ball pythons
  2 endoplasms
  A giant cockroach (D:3)
  4 goblins
  2 hobgoblins
  2 jackals (D:4)
  2 quokkas
  3 bats (D:1)
  2 frilled lizards (D:2)
  6 kobolds
  5 rats
64 creatures vanquished.

Vanquished Creatures (others)
  2 plants (D:3)
2 creatures vanquished.

Grand Total: 66 creatures vanquished

Notes
Turn   | Place    | Note
-------+----------+-------------------------------------------
     0 | D:1      | Warped the Formicid Fighter began the quest for the Orb.
     0 | D:1      | Reached XP level 1. HP: 18/18 MP: 1/1
   160 | D:1      | Reached XP level 2. HP: 24/24 MP: 2/2
   268 | D:1      | Found Fosiliq's Vocational Training.
   466 | D:2      | Reached skill level 3 in Staves
   596 | D:2      | Reached XP level 3. HP: 29/29 MP: 3/3
   968 | D:3      | You fall into a shaft and drop 1 floor!
   983 | D:4      | Reached skill level 4 in Staves
   983 | D:4      | Reached XP level 4. HP: 34/35 MP: 4/4
  1041 | D:4      | Noticed a scorpion
  1051 | D:4      | Killed a scorpion
  1052 | D:4      | Reached skill level 5 in Staves
  1052 | D:4      | Reached XP level 5. HP: 33/41 MP: 5/5
  1535 | D:3      | Noticed an ogre
  1538 | D:3      | HP: 2/41 [ogre/+0 giant club (21)]
  1545 | D:3      | Killed an ogre
  1546 | D:3      | Reached skill level 6 in Staves
  1546 | D:3      | Reached XP level 6. HP: 15/47 MP: 6/6
  2299 | D:4      | Found Gaixirph's General Store.
  2388 | D:4      | Slain by a gnoll bouda

Illustrated notes

Levels and vault maps discovered:
D:1:      nzn_arrival_water_spiral, layout_rooms, grunt_decor_arrowhead,
          nicolae_shop_vocational
D:2:      layout_rooms, serial_glass, glass_columns_a, glass_columns_b,
          glass_columns_a, glass_columns_c, glass_columns_b, minmay_cupped
D:3:      layout_loops_ring, serial_bayou_pond_c
D:4:      layout_rooms, serial_shops, shop

Skill      XL: |  1  2  3  4  5 |
---------------+----------------+-----
Staves         | 3 4 5 6 |  6.7
Fighting       | |  3.2
Armour         | |  3.2
Shields        | |  4.0

Action                     |  1- 3 |  4- 6 || total
---------------------------+-------+-------++-------
  Melee: Quarterstaff      |    78 |   108 ||   186
  Evoke: Wand              |       |     4 ||     4
    Use: Potion            |       |     4 ||     4
         Scroll            |       |    10 ||    10
 Armour: Scale mail        |    32 |    47 ||    79
  Dodge: Dodged            |    33 |    56 ||    89
  Block: Buckler           |    29 |    26 ||    55

Table legend: (Time is in decaauts)
 A = Elapsed time spent in this place.
 B = Non-inter-level travel time spent in this place.
 C = Inter-level travel time spent in this place.
 D = Time resting spent in this place.
 E = Time spent auto-exploring this place.
 F = Levels seen in this place.
 G = Mean time per level.
                   A        B        C        D        E       F      G
               +--------+--------+--------+--------+--------+-----+--------+
         Total |   2424 |   2362 |     62 |    195 |   1615 |   4 |  606.0 |
       Dungeon |   2424 |   2362 |     62 |    195 |   1615 |   4 |  606.0 |
               +--------+--------+--------+--------+--------+-----+--------+

Top non-repeatable levels by time:
     D:3: 758 daAuts
     D:4: 724 daAuts
     D:2: 490 daAuts
     D:1: 450 daAuts
